Ugg, lawful male dwarven Caveman ---------------- |...............########### ---------- ------------- |..............| # ##+.........## |...{.......| |..............| ### |........| # |...........| ---------------- ### |........| ######-.<.........| # ##.........| ------------- ### |........| a -------.-- #@# ### # ----- : # ################## |....######################### |...| --.--#---------- |.>.| |..............| |...| |..........{...| |...| |..............| |...| |..............| ----- ---------------- Ugg the Aborigine Experience level: 3 Strength: 18/02 Dexterity: 16 Constitution: 14 Intelligence: 11 Wisdom: 6 Charisma: 8 Health: 0(30) Energy: 2(2) AC: 8 Gold: 736 Moves: 2588 Your Inventory: Coins $ - 736 gold pieces Weapons a - an uncursed +1 club (weapon in hand) b - an uncursed +2 sling (alternate weapon; not wielded) f - 18 [uncursed +0] darts Armor e - an uncursed +0 leather armor (being worn) Comestibles v - an [uncursed stale] egg x - 2 [uncursed] tripe rations K - an [uncursed] melon L - an [uncursed] food ration M - an [uncursed] banana Q - an [uncursed] fortune cookie Scrolls n - an [uncursed] unlabeled scroll [of blank paper] s - an [uncursed] scroll labeled HZLRC KSTSBD MPFNG [of identify] y - an [uncursed] scroll labeled FOOBIE BLETCH [of fire] A - an [uncursed] scroll labeled GHOTI [of taming] H - an [uncursed] scroll labeled READ ME [of create monster] J - a [cursed] scroll labeled TEMOV [of teleportation] R - an [uncursed] scroll labeled TEMOV [of teleportation] Potions j - an [uncursed] cloudy potion [of paralysis] m - 2 [uncursed] sky blue potions [of blindness] o - 2 [uncursed] murky potions [of restore ability] z - an [uncursed] golden potion [of see invisible] G - an [uncursed] clear potion [of water] Rings h - an [uncursed] topaz ring [of free action] O - an [uncursed] steel ring [of conflict] P - a [cursed -1] twisted ring [of gain dexterity] Wands N - an [uncursed] wand called wrote [of undead turning (0:4)] Tools u - an [uncursed] key [skeleton key] I - an [uncursed] leash Gems c - 18 uncursed flint stones (in quiver) d - 23 uncursed rocks i - an [uncursed] orange gem [worthless glass] l - an [uncursed] green gem [aquamarine] q - an [uncursed] yellowish brown gem [worthless glass] D - an [uncursed] orange gem [agate] E - an [uncursed] red gem [worthless glass] Spells known in the end: Name Level Category Fail Memory Your skills at the end: Fighting Skills bare handed combat [Basic / Master] Weapon Skills club [Basic / Expert] sling [Basic / Expert] Spellcasting Skills Final Attributes: You were piously aligned. Hunger level was 741. Your alignment was 22 / 22. Monster difficulty range was 1 - 5. Level difficulty was 7. You were telepathic. You had infravision. Your luck was zero. You are dead. Vanquished creatures: a gold golem a rock piercer a pony a violet fungus 2 giant ants a floating eye a dwarf 3 rothes 5 orc zombies 2 wererats 2 werejackals 2 iguanas 14 killer bees 2 coyotes a gas spore 6 giant rats a green mold 5 garter snakes a gnome zombie 2 jackals 3 foxes a kobold a goblin a sewer rat 2 grid bugs 3 lichens 3 newts 68 creatures vanquished. Voluntary challenges: You were an atheist. You used a wielded weapon 81 times. You read items or engraved 2 times. You put on armor 1 time. You never genocided any monsters. You never polymorphed an object. You never changed form. You used no wishes. You wrote Elbereth's name 2 times. You never encountered a bones level. You never used any Sokoban shortcuts. Dungeon overview: The Dungeons of Doom: levels 1 to 7 Level 1 a fountain a long staircase Level 2 a fountain Level 3 a general store, a fountain Level 4 a fountain a long staircase Level 6 a fountain Level 7 <- You were here some fountains History has recorded: On T:1 you entered the Dungeons of Doom to retrieve the Amulet of Yendor! On T:441 you reached level 2 of The Dungeons of Doom. On T:565 you advanced to experience level 2. On T:644 you advanced to experience level 3. On T:783 you reached level 3 of The Dungeons of Doom. On T:876 you advanced to experience level 4. On T:1204 you reached level 4 of The Dungeons of Doom. On T:1526 you advanced to experience level 5. On T:1533 you reached level 5 of The Dungeons of Doom. On T:1699 you advanced to experience level 6. On T:1963 you advanced to experience level 7. On T:2167 you reached level 6 of The Dungeons of Doom. On T:2402 you reached level 7 of The Dungeons of Doom. Latest messages: The barrow wight points all around, then curses. The barrow wight hits! The barrow wight swings her long sword. The barrow wight hits! The barrow wight points all around, then curses. The barrow wight hits! [HP-13=11] You write with a red gem into the dust. Never mind. You write with your fingers into the dust. The barrow wight turns to flee! You see here a knife. The snow ant bites! (2x) You're covered in frost! [HP-8=3] [2 turns] The gecko bites! The snow ant bites! You die... Final status: Goodbye Ugg the Caveman... You died in The Dungeons of Doom on dungeon level 7 with 2655 points, and 736 pieces of gold, after 2588 moves. You were level 3 with a maximum of 30 hit points when you died.